 Dungeon Crawl Stone Soup version 0.29-a0-72-g1732ff48e7 (webtiles) character file.

Game seed: 14282197046002878900

602256 sanka the Gnoll Aeon (level 27, -15/195 HPs)
             Began as a Gnoll Conjurer on Feb 3, 2022.
             Was the Champion of Cheibriados.
             Demolished by an Orb Guardian (35 damage)
             ... on level 5 of the Realm of Zot.
             The game lasted 03:13:26 (71968 turns).

sanka the Gnoll Aeon (Gnoll Conjurer)              Turns: 71968, Time: 03:13:27

Health: -15/195    AC: 20    Str: 25    XL:     27
Magic:  13/45      EV: 37    Int: 49    God:    Cheibriados [******]
Gold:   3502       SH: 21    Dex: 36    Spells: 7/63 levels left

rFire   + + +      SeeInvis +   a - +7 broad axe (vorpal)
rCold   + + .      Faith    .   M - +2 shield of Resistance {rF++ rC++ Will++}
rNeg    + + .      Spirit   .   V - +2 robe {Archmagi}
rPois   +          Reflect  .   q - +2 helmet
rElec   +          Harm     .   N - +2 cloak "Nuyz" {Regen+ Str+4}
rCorr   .          Rampage  .   D - +2 pair of gloves {hurl}
Will    +++++      Archmagi +   G - +2 pair of boots
Stlth   ++++++++..              d - amulet "Moirch" {RegenMP rF+ rN+ Dex+4}
HPRegen 1.22/turn               o - ring of Cepotu {rElec rN+ Dex+6 Slay+3}
MPRegen 0.69/turn               f - ring of the Raven {Wiz rPois Str-2 Int+6 SInv}

@: mighty, about to teleport, very slow
A: fangs 1, strong nose, distributed training, dopey 1, frail 1, strong-willed
1, screaming 1, MP-powered wands
}: 3/15 runes: decaying, serpentine, silver
a: Renounce Religion, Bend Time, Temporal Distortion, Slouch, Step From Time


You were on level 5 of the Realm of Zot.
You worshipped Cheibriados.
Cheibriados was exalted by your worship.
You visited 9 branches of the dungeon, and saw 46 of its levels.
You visited the Abyss 2 times.

You collected 10812 gold pieces.
You spent 7310 gold pieces at shops.


Innate Abilities, Weirdness & Mutations

You have very sharp teeth.
Your uncanny sense of smell can sniff out nearby items.
Your experience applies equally to all skills.
You are dopey. (Int -2)
You are frail. (-10% HP)
You are strong-willed. (Will+)
You occasionally shout uncontrollably at your foes.
You expend magic power (3 MP) to strengthen your wands.


   Skills:
 + Level 18.0 Fighting
 + Level 18.0 Short Blades
 + Level 18.0 Long Blades
 + Level 18.0 Axes
 + Level 18.0 Maces & Flails
 + Level 18.0 Polearms
 + Level 18.0 Staves
 + Level 18.0 Slings
 + Level 18.0 Bows
 + Level 18.0 Crossbows
 + Level 18.0 Throwing
 + Level 18.0 Armour
 + Level 18.5 Dodging
 + Level 18.4 Stealth
 + Level 18.0 Shields
 + Level 18.0 Unarmed Combat
 + Level 18.6 Spellcasting
 + Level 16.7 Conjurations
 + Level 15.3 Hexes
 + Level 15.3 Summonings
 + Level 15.3 Necromancy
 + Level 15.3 Translocations
 + Level 15.3 Transmutations
 + Level 15.3 Fire Magic
 + Level 15.3 Ice Magic
 + Level 15.3 Air Magic
 + Level 15.3 Earth Magic
 + Level 15.3 Poison Magic
 + Level 19.4 Invocations
 + Level 18.0 Evocations


You had 7 spell levels left.
You knew the following spells:

 Your Spells              Type           Power      Damage    Failure   Level
b - Blink                 Tloc           100%       N/A       0%          2
c - Orb of Destruction    Conj           71%        9d16      1%          7
i - Ignition              Fire           69%        3d18      3%          8
u - Storm Form            Tmut/Air       69%        N/A       1%          7
x - Lehudib's Crystal Sp  Conj/Erth      70%        10d16     2%          8
y - Starburst             Conj/Fire      70%        6d18      1%          6
z - Magic Dart            Conj           100%       1d8       0%          1
C - Irradiate             Conj/Tmut      70%        3d36      0%          5
V - Spellforged Servitor  Conj/Summ      70%        N/A       1%          7
X - Freezing Cloud        Conj/Ice/Air   70%        6-21      1%          5

Your spell library contained the following spells:

 Spells                   Type           Power      Damage    Failure   Level
 Animate Skeleton         Necr           100%       N/A       0%          1
 Apportation              Tloc           100%       N/A       0%          1
 Pain                     Necr           100%       1d9       0%          1
 Sandblast                Erth           100%       2d20      0%          1
 Summon Small Mammal      Summ           100%       N/A       0%          1
 Ensorcelled Hibernation  Hex/Ice        100%       N/A       0%          2
 Searing Ray              Conj           100%       2d8       0%          2
 Static Discharge         Conj/Air       100%       N/A       0%          2
 Sublimation of Blood     Necr           100%       N/A       0%          2
 Wereblood                Tmut           100%       N/A       0%          2
 Conjure Flame            Conj/Fire      100%       6-21      0%          3
 Dazzling Flash           Conj/Hex       100%       N/A       0%          3
 Gell's Gravitas          Tloc           100%       N/A       0%          3
 Ignite Poison            Fire/Tmut/Pois 100%       N/A       0%          3
 Inner Flame              Hex/Fire       100%       N/A       0%          3
 Lesser Beckoning         Tloc           100%       N/A       0%          3
 Spider Form              Tmut/Pois      100%       N/A       0%          3
 Summon Guardian Golem    Hex/Summ       100%       N/A       0%          3
 Teleport Other           Tloc           100%       N/A       0%          3
 Tukima's Dance           Hex            100%       N/A       0%          3
 Airstrike                Air            69%        N/A       0%          4
 Anguish                  Hex/Necr       69%        N/A       0%          4
 Cause Fear               Hex            69%        N/A       0%          4
 Dispel Undead            Necr           100%       3d31      0%          4
 Fulminant Prism          Conj/Hex       70%        3d30      0%          4
 Hailstorm                Conj/Ice       100%       3d20      0%          4
 Ice Form                 Ice/Tmut       100%       N/A       0%          4
 Iskenderun's Mystic Bla  Conj/Tloc      100%       2d19      0%          4
 Olgreb's Toxic Radiance  Pois           100%       N/A       0%          4
 Petrify                  Tmut/Erth      100%       N/A       0%          4
 Sticky Flame             Conj/Fire      100%       2d11      0%          4
 Summon Lightning Spire   Summ/Air       100%       N/A       0%          4
 Fireball                 Conj/Fire      70%        3d26      0%          5
 Iskenderun's Battlesphe  Conj           100%       2d15      0%          5
 Lightning Bolt           Conj/Air       70%        1d95      0%          5
 Agony                    Necr           100%       N/A       1%          5
 Blade Hands              Tmut           69%        N/A       1%          5
 Borgnjor's Vile Clutch   Necr/Erth      69%        N/A       1%          5
 Excruciating Wounds      Necr           69%        N/A       1%          5
 Manifold Assault         Tloc           100%       N/A       1%          5
 Summon Forest            Summ/Tloc      69%        N/A       1%          5
 Summon Mana Viper        Hex/Summ       100%       N/A       1%          5
 Conjure Ball Lightning   Conj/Air       70%        3x3d26    1%          6
 Dispersal                Tloc           69%        N/A       1%          6
 Eringya's Noxious Bog    Tmut/Pois      69%        N/A       1%          6
 Simulacrum               Ice/Necr       69%        N/A       1%          6
 Summon Cactus Giant      Summ           69%        N/A       1%          6
 Enfeeble                 Hex            69%        N/A       1%          7
 Ozocubu's Refrigeration  Ice            69%        4d18      1%          7
 Summon Hydra             Summ           69%        N/A       1%          7
 Discord                  Hex            69%        N/A       3%          8
 Maxwell's Capacitive Co  Air            69%        ∞         3%          8

Inventory:

Hand Weapons
 a - a +7 vorpal broad axe (weapon)
 v - a +6 dagger of holy wrath
Missiles
 u - 2 throwing nets {=f}
Armour
 q - a +2 helmet (worn)
 D - a +2 pair of gloves of hurling (worn)
 G - a +2 pair of boots (worn)
 M - the +2 shield of Resistance (worn) {rF++ rC++ Will++} rF: It greatly protects you from fire. rC: It greatly protects you from cold. Will: It greatly increases your willpower.
 N - the +2 cloak "Nuyz" (worn) {Regen+ Str+4}

   Str:       It affects your strength (+4).
   Regen:     It increases your rate of health regeneration.
 V - a +2 robe of the Archmagi (worn)
Magical Staves
 b - a staff of conjuration {!a}
 w - a staff of fire
Jewellery
 d - the amulet "Moirch" (around neck) {RegenMP rF+ rN+ Dex+4}

   [amulet of magic regeneration]

   It increases your rate of magic regeneration.
   Dex:       It affects your dexterity (+4).
   rF:        It protects you from fire.
   rN:        It protects you from negative energy.
 f - the ring of the Raven (right hand) {Wiz rPois Str-2 Int+6 SInv}

   [ring of wizardry]

   It improves your spell success rate.
   Str:       It affects your strength (-2).
   Int:       It affects your intelligence (+6).
   rPois:     It protects you from poison.
   SInv:      It lets you see invisible.
 o - the ring of Cepotu (left hand) {rElec rN+ Dex+6 Slay+3}

   [ring of positive energy]

   Dex:       It affects your dexterity (+6).
   Slay:      It affects your accuracy & damage with ranged weapons and melee
   (+3).
   rElec:     It insulates you from electricity.
   rN:        It protects you from negative energy.
 S - a ring of protection from cold
 U - a ring of wizardry
 W - a +6 ring of slaying
Wands
 x - a wand of digging (6)
 z - a wand of paralysis (40)
 L - a wand of iceblast (50)
 O - a wand of acid (23)
 P - a wand of charming (11)
Scrolls
 i - 13 scrolls of fog
 j - a scroll of blinking
 k - 10 scrolls of vulnerability {!r}
 p - 2 scrolls of holy word
 r - 12 scrolls of teleportation {@r4}
 s - 2 scrolls of magic mapping
 A - 6 scrolls of fear
 B - 5 scrolls of enchant armour
 K - 2 scrolls of amnesia
 Q - 2 scrolls of summoning
 R - 10 scrolls of immolation {!r}
 X - 2 scrolls of silence {!r}
Potions
 g - 8 potions of cancellation
 h - 27 potions of curing {@q1}
 l - 7 potions of might
 m - 6 potions of haste {@q3}
 n - 10 potions of flight
 t - 6 potions of attraction {!q}
 y - 5 potions of ambrosia
 C - 8 potions of resistance
 E - 3 potions of invisibility
 F - 4 potions of mutation {!q}
 H - 10 potions of brilliance
 J - 5 potions of lignification {!q}
 T - a potion of heal wounds {@q2}
Miscellaneous
 c - a condenser vane
 e - a tin of tremorstones (2/2)

Dungeon Overview and Level Annotations

Branches:
Dungeon (15/15)            Temple (1/1) D:4            Lair (6/6) D:9
  Swamp (4/4) Lair:3        Snake (4/4) Lair:2        Slime (0/5) Lair:6
    Orc (2/2) D:11            Elf (0/3) Orc:2        Vaults (5/5) D:14
  Crypt (0/3) Vaults:2     Depths (4/4) D:15            Zot (5/5) Depths:4

Altars:
Ashenzari
Cheibriados
Dithmenos
Elyvilon
Fedhas
Gozag
Hepliaklqana
Kikubaaqudgha
Makhleb
Nemelex Xobeh
Okawaru
Qazlal
Ru
Sif Muna
Trog
Uskayaw
Vehumet
Wu Jian
Xom
Yredelemnul
Zin
The Shining One
Beogh
Jiyva

Shops:
D:1 =   D:2 *   D:4 *   D:7 =   D:11 (   D:13 *(*(!   Orc:1 ?   Orc:2 *=[==
Snake:1 (=   Snake:4 [*(?   Zot:1 *   Depths:3 (

Portals:
Hell: Depths:1 Depths:2 Depths:3 Depths:4
Abyss: Depths:3
Pandemonium: Depths:2 Depths:4
Ziggurat: Depths:2

......[....▒ ░,,,^,,,,,,,,,,,,,,
...........▒░ ░,,,∆,,,,,,,,^,^,^,
............░░░,,,,,,,,,,,,,,,,,,
▒▒▒▒▒▒▒▒▒▒..,░░░,,,,,,,,,,,,,,,,,
░░,^,,░░,,,,,,,,,,,,,,,,
░░░,,,,,,,,,,,,,,,,,,,░
░░░░▓▓▓▓▓▓▓▓▒▒.,,,,░░
▓▓▓▓X.........,,,,,░
▒▒▓.XgX.........,,,,,,
▒▒)..X.*.........,,,,,, ░▓▓▓░░░░░
▒.))X............,,,,,,
▓...,,^,░░▓..X.............,,,,,,
...^,,,,,░▓.....(.)........,,,,,,
...,,,,,,,▓................,,,,,,
...,∆,,,,.........[........,,,,,░
,,,,,,,X..▓................,,,,,,
,,,,^....▓▓..........^.....,,,,,,


You could see an orb of fire and 6 Orb Guardians.


Message History

You slash the Orb Guardian! You slash the Orb Guardian!
You slash the orb of fire! You block the Orb Guardian's attack.
The Orb Guardian misses you. You block the Orb Guardian's attack.
You slice the Orb Guardian!!
The Orb Guardian is almost dead.
You slice the orb of fire!! You slice the Orb Guardian!!
You slash the Orb Guardian! You hit the Orb Guardian.
The Orb Guardian hits you!!
* * * LOW HITPOINT WARNING * * *
The Orb Guardian completely misses you. The Orb Guardian completely misses you.
The Orb Guardian completely misses you.
The orb of fire emits a lurid red light.
The bolt of fire hits you. You resist.
* * * LOW HITPOINT WARNING * * *
You barely miss the Orb Guardian.
You bite the Orb Guardian, but do no damage.
The Orb Guardian is almost dead.
You hit the Orb Guardian. You completely miss the Orb Guardian.
You slash the Orb Guardian! You hit the orb of fire.
The Orb Guardian hits you!!
You die...

Action                   |  1- 3 |  4- 6 |  7- 9 | 10-12 | 13-15 | 16-18 | 19-21 | 22-24 | 25-27 || total
-------------------------+-------+-------+-------+-------+-------+-------+-------+-------+-------++-------
Melee: War axe           |       |     5 |    55 |     7 |       |       |       |       |       ||    67
       Bite              |       |     2 |     7 |    38 |    73 |     8 |     3 |    10 |    43 ||   184
       Unarmed           |       |       |     7 |     6 |    56 |   227 |   576 |   256 |    86 ||  1214
       Punch             |       |       |     7 |     9 |    43 |    27 |    70 |    35 |     9 ||   200
       Broad axe         |       |       |       |   194 |   342 |       |       |       |   150 ||   686
       Demon trident     |       |       |       |       |   123 |    90 |    11 |    44 |    19 ||   287
       Dagger            |       |       |       |       |       |       |       |       |     2 ||     2
 Cast: Magic Dart        |    45 |   108 |   148 |   190 |    25 |       |     3 |       |       ||   519
       Searing Ray       |     2 |     3 |    31 |     4 |       |       |       |       |       ||    40
       Sticky Flame      |       |       |     6 |    40 |    49 |       |       |       |       ||    95
       Spider Form       |       |       |     1 |     1 |       |       |       |       |       ||     2
       Freezing Cloud    |       |       |       |    32 |    49 |     4 |     1 |     1 |       ||    87
       Starburst         |       |       |       |    32 |   114 |   155 |    85 |     2 |       ||   388
       Fulminant Prism   |       |       |       |       |     1 |       |       |       |       ||     1
       Storm Form        |       |       |       |       |     9 |    27 |    51 |    30 |     9 ||   126
       Lehudib's Crystal |       |       |       |       |       |       |    60 |    91 |    94 ||   245
       Summon Cactus Gia |       |       |       |       |       |       |     4 |       |       ||     4
       Orb of Destructio |       |       |       |       |       |       |    28 |   147 |    94 ||   269
       Ignition          |       |       |       |       |       |       |     3 |    30 |    31 ||    64
       Irradiate         |       |       |       |       |       |       |       |     3 |    10 ||    13
       Spellforged Servi |       |       |       |       |       |       |       |     2 |       ||     2
Invok: Slouch            |       |       |       |       |       |       |     2 |     6 |     1 ||     9
       Step From Time    |       |       |       |       |       |       |       |       |     1 ||     1
 Abil: End Transformatio |       |       |       |     1 |     1 |       |     1 |     1 |       ||     4
       Blinkbolt         |       |       |       |       |     1 |     2 |     4 |     1 |       ||     8
Evoke: Wand              |       |       |       |     2 |     1 |       |       |     1 |       ||     4
       Tin of tremorston |       |       |       |       |       |       |       |     2 |       ||     2
       Condenser vane    |       |       |       |       |       |       |       |     1 |       ||     1
  Use: Scroll            |       |       |       |    24 |    11 |    10 |     7 |     3 |    15 ||    70
       Potion            |       |       |       |       |     2 |       |     4 |     4 |     7 ||    17
 Stab: Sleeping          |       |       |       |     1 |     9 |     4 |     2 |       |     2 ||    18
       Distracted        |       |       |       |     1 |     3 |     3 |     4 |     2 |       ||    13
       Paralysed         |       |       |       |     1 |       |       |       |       |       ||     1
       Petrified         |       |       |       |       |       |     3 |       |       |       ||     3
Armor: Robe              |     1 |     3 |    33 |       |     9 |    24 |     7 |    23 |    62 ||   162
       Ring mail         |       |       |     7 |   116 |   151 |       |       |       |       ||   274
       Skin              |       |       |       |       |     1 |    34 |    81 |    35 |    31 ||   182
Dodge: Dodged            |     2 |    23 |   190 |   324 |   870 |   570 |   929 |   555 |   607 ||  4070
Block: Kite shield       |       |       |       |       |       |       |       |   114 |   323 ||   437

Levels and vault maps discovered:
D:1:      heliophobic_arrival_glass_houses, layout_loops_ring, serial_shops,
          nicolae_shop_crystal, hellmonk_ecumenical_altar_zigzags,
          minmay_tromino_v4_a
D:2:      layout_loops_cross, serial_shops, nicolae_shop_waterfront,
          grunt_ministairs_10, item_on_display_a, uniq_terence, uniq_sigmund,
          uniq_jessica
D:3:      minmay_inner_zag, layout_basic, nicolae_ru_sacrificial_ziggurat
D:4:      layout_rooms, mainiacjoe_overflow_24_doors,
          chequers_temple_overflow_statue_of_worship,
          mainiacjoe_overflow_two_lobes, minmay_temple_entry_ruins,
          serial_shops, nicolae_shop_window_shopping
D:5:      layout_gridville, uniq_grinder, uniq_pikel, uniq_ijyb
D:6:      layout_rooms, mainiacjoe_overflow_boulevard
D:7:      layout_rooms, nicolae_shop_unique_rings, roderic_lattice_a,
          kennysheep_decorative_pillar, hangedman_decor_push
D:8:      layout_rooms, minmay_puff, uniq_harold, uniq_gastronok, uniq_joseph
D:9:      layout_basic, erik_lair_dragon
D:10:     layout_grid_maze, mainiacjoe_overflow_alcove_4
D:11:     minmay_slanted_spiral_squares, layout_gridville,
          minmay_orc_entry_temple_small, serial_shops, shop,
          hangedman_decor_diamond_cutter
D:12:     layout_irregular_city, nooodl_orcs_dogs
D:13:     wad_river_or_something, layout_loops_ring, serial_shops,
          kennysheep_mini_moat, shop, nicolae_diamond_shop,
          nicolae_stop_n_shop_2, nicolae_lakefront_shop
D:14:     layout_small_grid, hangedman_vaults_entry_quadrant_bands,
          hangedman_abyss_or_decor_clamps
D:15:     hangedman_depths_entry_try_elsewhere_first, layout_rooms,
          grunt_decor_cap, hellmonk_guarded_unrand_dark_maul, uniq_kirke,
          uniq_josephine
Temple:   nicolae_temple_great_sept
Lair:1:   minmay_guarded_unrand_snakebite, layout_gridlike,
          chequers_serial_rivers_micro_a
Lair:2:   layout_chaotic_city, guppyfry_snake_entry_garden
Lair:3:   layout_concentric_octagons, minmay_swamp_entry_worms,
          grunt_megastairs_2, uniq_sonja
Lair:4:   layout_gridlike, infiniplex_staircase_pool_2
Lair:5:   nzn_motion_control, layout_regular_city
Lair:6:   minmay_lair_end_frog_pond, layout_hall_layers, slime_altar_1
Swamp:1:  layout_basic_swamp, evilmike_swamp_ruin_house_3, swamp_pool2,
          grunt_hermit_hut, uniq_frances
Swamp:2:  layout_basic_swamp, nicolae_swamp_godswood
Swamp:3:  layout_falls_marsh, serial_swamp_ruin, evilmike_swamp_ruin_house_4,
          evilmike_swamp_ruin_house_6
Swamp:4:  swamp_old_school, layout_basic_swamp, swamp_pool1
Snake:1:  layout_misc_corridors, serial_shops, shop, nicolae_diamond_shop
Snake:2:  layout_cave_town, nicolae_snake_snakes_in_the_grass,
          grunt_megastairs_3, uniq_agnes
Snake:3:  layout_cave_town, ebering_ghost_disaster_area, uniq_saint_roka,
          uniq_louise, uniq_mara
Snake:4:  snake_pit_salamanders_mu, layout_misc_corridors,
          nicolae_snake_serpentine_bazaar
Orc:1:    layout_diamond_mine, serial_shops, shop, uniq_urug
Orc:2:    st_orc_elflike, layout_caves, basic_altar,
          minmay_shop_enchanted_jewellery, uniq_snorg
Vaults:1: v_misc_30, vaults_mumra_hexcomb, vaults_room_large_hall,
          vaults_dpeg_cross, hangedman_vaults_snaps,
          vaults_standard_mumra_lines, nicolae_vaults_little_squares_2,
          nicolae_vaults_mini_display_case, vaults_dpeg_encased_lava,
          ontoclasm_vaults_pinch, nicolae_vaults_little_ls,
          layout_vaults_omnicross
Vaults:2: minmay_crypt_entry_necro_gods, nicolae_vaults_little_squares_3,
          grunt_vaults_hallway_short, grunt_vaults_swirl, hangedman_vaults_trim,
          v_misc_5, v_misc_13, nicolae_vaults_rhombus_6,
          nicolae_vaults_network_quincunx
          [nicolae_vaults_network_quincunx_subvault,
          nicolae_vaults_network_quincunx_subvault,
          nicolae_vaults_network_quincunx_subvault,
          nicolae_vaults_network_quincunx_subvault,
          nicolae_vaults_network_quincunx_subvault],
          nicolae_vaults_know_your_exits, nicolae_vaults_big_ls,
          vaults_room_octagon, nicolae_vaults_little_squares_5,
          layout_vaults_maze_bifur
Vaults:3: v_misc_12, v_misc_33, st_octagons_1, hangedman_vaults_corner,
          nicolae_vaults_border_crossing, ontoclasm_vaults_loading_screen,
          v_alt_pattern_5, vaults_mumra_minichess_inversion,
          layout_vaults_chaotic_city, uniq_xtahua
Vaults:4: vaults_room_hallway, v_misc_14, ontoclasm_vaults_twist,
          nicolae_vaults_fighting_squares, v_misc_28,
          vaults_room_stairs_pillars, ontoclasm_vaults_gateway,
          nicolae_vaults_little_squares_5, v_misc_9, hangedman_vaults_slice,
          vaults_room_semicircle, layout_vaults_omnigrid, uniq_margery
Vaults:5: serial_shops
Depths:1: layout_basic, grunt_hell_horde, hangedman_decor_points,
          lemuel_zombie_altar_kikubaaqudgha, serial_bayou_shore_a,
          roderic_lattice_octagonal_star, serial_bayou_shore_b, uniq_aizul
Depths:2: gammafunk_mikee_crab_dinner, layout_cave_pools, enter_ziggurat_f,
          rand_demon_pan_entry_5, gammafunk_ghost_berserking_beasts,
          serial_bayou_lagoon_a, hell_entry, serial_bayou_shore_b,
          infiniplex_staircase_hallway_doors, uniq_nikola, uniq_enchantress
Depths:3: nooodl_heptagram, layout_basic, hell_entry, serial_shops,
          kennysheep_little_box, nicolae_wu_jian_wuxing_cycle, abyss_entry
Depths:4: grunt_crosshair, layout_cave_pools, rand_demon_pan_entry_7,
          lemuel_coloured_pillars_altar, pf_hell_entry_great_geh
Zot:1:    layout_twisted_circle, nicolae_transmutations_shop,
          st_small_dragon_hoard_3
Zot:2:    hellmonk_paralyzer, layout_basic, zot_minivault_4
Zot:3:    kennysheep_blocky_room, layout_gridlike
Zot:4:    layout_gridlike, lemuel_baited_zot_trap,
          hangedman_zot_decor_unnerving_road
Zot:5:    layout_basic

Notes
Turn   | Place    | Note
-------+----------+-------------------------------------------
     0 | D:1      | sanka the Gnoll Conjurer began the quest for the Orb.
     0 | D:1      | Reached XP level 1. HP: 13/13 MP: 6/6
   239 | D:1      | Reached XP level 2. HP: 19/19 MP: 4/7
   280 | D:1      | Learned a level 2 spell: Searing Ray
   410 | D:1      | Found Yhegg's Jewellery Shoppe.
   568 | D:1      | Found a faded altar of an unknown god.
  1132 | D:2      | Reached XP level 3. HP: 25/25 MP: 5/9
  1185 | D:2      | Reached skill level 5 in Spellcasting
  1291 | D:2      | Noticed Terence
  1313 | D:2      | Killed Terence
  1314 | D:2      | Reached skill level 1 in Fighting
  1314 | D:2      | Reached skill level 1 in Short Blades
  1314 | D:2      | Reached skill level 1 in Long Blades
  1314 | D:2      | Reached skill level 1 in Axes
  1314 | D:2      | Reached skill level 1 in Maces & Flails
  1314 | D:2      | Reached skill level 1 in Polearms
  1314 | D:2      | Reached skill level 1 in Staves
  1314 | D:2      | Reached skill level 1 in Slings
  1314 | D:2      | Reached skill level 1 in Bows
  1314 | D:2      | Reached skill level 1 in Crossbows
  1314 | D:2      | Reached skill level 1 in Throwing
  1314 | D:2      | Reached skill level 1 in Armour
  1314 | D:2      | Reached skill level 1 in Shields
  1314 | D:2      | Reached skill level 1 in Unarmed Combat
  1314 | D:2      | Reached skill level 1 in Invocations
  1314 | D:2      | Reached skill level 1 in Evocations
  1405 | D:2      | Reached XP level 4. HP: 32/32 MP: 9/11
  1478 | D:2      | Found Vicam's Assorted Antiques.
  1723 | D:2      | Reached skill level 1 in Hexes
  1723 | D:2      | Reached skill level 1 in Summonings
  1723 | D:2      | Reached skill level 1 in Necromancy
  1723 | D:2      | Reached skill level 1 in Translocations
  1723 | D:2      | Reached skill level 1 in Transmutations
  1723 | D:2      | Reached skill level 1 in Fire Magic
  1723 | D:2      | Reached skill level 1 in Ice Magic
  1723 | D:2      | Reached skill level 1 in Air Magic
  1723 | D:2      | Reached skill level 1 in Earth Magic
  1723 | D:2      | Reached skill level 1 in Poison Magic
  1769 | D:2      | Noticed Sigmund
  1785 | D:2      | HP: 3/32 [Sigmund (6)]
  1786 | D:2      | Killed Sigmund
  1787 | D:2      | Reached skill level 2 in Invocations
  1787 | D:2      | Reached XP level 5. HP: 3/38 MP: 1/12
  1787 | D:2      | Reached XP level 6. HP: 4/44 MP: 1/13
  2468 | D:2      | Noticed Jessica
  2470 | D:2      | Killed Jessica
  2471 | D:2      | Reached skill level 5 in Dodging
  2602 | D:3      | Found a sacrificial altar of Ru.
  2610 | D:3      | Reached skill level 2 in Fighting
  2610 | D:3      | Reached skill level 2 in Short Blades
  2610 | D:3      | Reached skill level 2 in Long Blades
  2610 | D:3      | Reached skill level 2 in Axes
  2610 | D:3      | Reached skill level 2 in Maces & Flails
  2610 | D:3      | Reached skill level 2 in Polearms
  2610 | D:3      | Reached skill level 2 in Staves
  2610 | D:3      | Reached skill level 2 in Slings
  2610 | D:3      | Reached skill level 2 in Bows
  2610 | D:3      | Reached skill level 2 in Crossbows
  2610 | D:3      | Reached skill level 2 in Throwing
  2610 | D:3      | Reached skill level 2 in Armour
  2610 | D:3      | Reached skill level 2 in Shields
  2610 | D:3      | Reached skill level 2 in Unarmed Combat
  2610 | D:3      | Reached skill level 2 in Evocations
  3505 | D:3      | Got Becitad's Catalogue of Transmigration and Displacement
  3766 | D:4      | Learned a level 3 spell: Spider Form
  3832 | D:4      | Reached XP level 7. HP: 51/51 MP: 5/15
  3912 | D:4      | Reached skill level 2 in Hexes
  3912 | D:4      | Reached skill level 2 in Summonings
  3912 | D:4      | Reached skill level 2 in Necromancy
  3912 | D:4      | Reached skill level 2 in Translocations
  3912 | D:4      | Reached skill level 2 in Transmutations
  3912 | D:4      | Reached skill level 2 in Fire Magic
  3912 | D:4      | Reached skill level 2 in Ice Magic
  3912 | D:4      | Reached skill level 2 in Air Magic
  3912 | D:4      | Reached skill level 2 in Earth Magic
  3912 | D:4      | Reached skill level 2 in Poison Magic
  4044 | D:4      | Found Rewaabu's General Store.
  4127 | D:4      | Found an ornate altar of the Wu Jian Council.
  4129 | D:4      | Found a radiant altar of Vehumet.
  4280 | D:4      | Found an opulent altar of Gozag.
  4326 | D:4      | Found a staircase to the Ecumenical Temple.
  4530 | Temple   | Entered the Ecumenical Temple
  4621 | Temple   | Became a worshipper of Cheibriados the Contemplative
  4669 | D:4      | Found a blossoming altar of Fedhas.
  4701 | D:4      | Found a burning altar of Makhleb.
  4779 | D:4      | Reached skill level 5 in Stealth
  4972 | D:5      | Entered Level 5 of the Dungeon
  5012 | D:5      | Reached skill level 3 in Invocations
  5131 | D:5      | Reached XP level 8. HP: 46/57 MP: 4/16
  5276 | D:5      | Noticed Pikel
  5283 | D:5      | Killed Pikel
  5284 | D:5      | Reached skill level 3 in Fighting
  5284 | D:5      | Reached skill level 3 in Short Blades
  5284 | D:5      | Reached skill level 3 in Long Blades
  5284 | D:5      | Reached skill level 3 in Axes
  5284 | D:5      | Reached skill level 3 in Maces & Flails
  5284 | D:5      | Reached skill level 3 in Polearms
  5284 | D:5      | Reached skill level 3 in Staves
  5284 | D:5      | Reached skill level 3 in Slings
  5284 | D:5      | Reached skill level 3 in Bows
  5284 | D:5      | Reached skill level 3 in Crossbows
  5284 | D:5      | Reached skill level 3 in Throwing
  5284 | D:5      | Reached skill level 3 in Armour
  5284 | D:5      | Reached skill level 3 in Shields
  5284 | D:5      | Reached skill level 3 in Unarmed Combat
  5284 | D:5      | Reached skill level 6 in Spellcasting
  5284 | D:5      | Reached skill level 3 in Evocations
  5676 | D:5      | Noticed Ijyb
  5688 | D:5      | Killed Ijyb
  5690 | D:5      | Reached skill level 3 in Hexes
  5690 | D:5      | Reached skill level 3 in Summonings
  5690 | D:5      | Reached skill level 3 in Necromancy
  5690 | D:5      | Reached skill level 3 in Translocations
  5690 | D:5      | Reached skill level 3 in Transmutations
  5690 | D:5      | Reached skill level 3 in Fire Magic
  5690 | D:5      | Reached skill level 3 in Ice Magic
  5690 | D:5      | Reached skill level 3 in Air Magic
  5690 | D:5      | Reached skill level 3 in Earth Magic
  5690 | D:5      | Reached skill level 3 in Poison Magic
  5690 | D:5      | Reached skill level 4 in Invocations
  5831 | D:5      | Noticed Grinder
  5843 | D:5      | Killed Grinder
  5844 | D:5      | Reached skill level 6 in Dodging
  5844 | D:5      | Reached XP level 9. HP: 62/65 MP: 6/18
  6181 | D:5      | Learned a level 4 spell: Fulminant Prism
  6186 | D:5      | Learned a level 4 spell: Sticky Flame
  6191 | D:5      | Learned a level 4 spell: Iskenderun's Mystic Blast
  6340 | D:6      | Reached * piety under Cheibriados
  6341 | D:6      | Reached skill level 4 in Fighting
  6341 | D:6      | Reached skill level 4 in Short Blades
  6341 | D:6      | Reached skill level 4 in Long Blades
  6341 | D:6      | Reached skill level 4 in Axes
  6341 | D:6      | Reached skill level 4 in Maces & Flails
  6341 | D:6      | Reached skill level 4 in Polearms
  6341 | D:6      | Reached skill level 4 in Staves
  6341 | D:6      | Reached skill level 4 in Slings
  6341 | D:6      | Reached skill level 4 in Bows
  6341 | D:6      | Reached skill level 4 in Crossbows
  6341 | D:6      | Reached skill level 4 in Throwing
  6341 | D:6      | Reached skill level 4 in Armour
  6341 | D:6      | Reached skill level 4 in Shields
  6341 | D:6      | Reached skill level 4 in Unarmed Combat
  6341 | D:6      | Reached skill level 4 in Evocations
  6454 | D:6      | Found a shimmering blue altar of Sif Muna.
  6683 | D:6      | Reached skill level 6 in Stealth
  6683 | D:6      | Reached skill level 8 in Conjurations
  7615 | D:7      | Reached skill level 5 in Invocations
  7689 | D:7      | Identified the +5 ring mail "Utaneac" {Will+ Str+2}
  7714 | D:7      | Reached ** piety under Cheibriados
  8098 | D:7      | Reached skill level 7 in Spellcasting
  8198 | D:7      | Reached XP level 10. HP: 73/73 MP: 14/20
  8242 | D:7      | Found Arolor's One-of-a-Kind Rings.
  8342 | D:7      | Reached skill level 4 in Hexes
  8342 | D:7      | Reached skill level 4 in Summonings
  8342 | D:7      | Reached skill level 4 in Necromancy
  8342 | D:7      | Reached skill level 4 in Translocations
  8342 | D:7      | Reached skill level 4 in Transmutations
  8342 | D:7      | Reached skill level 4 in Fire Magic
  8342 | D:7      | Reached skill level 4 in Ice Magic
  8342 | D:7      | Reached skill level 4 in Air Magic
  8342 | D:7      | Reached skill level 4 in Earth Magic
  8342 | D:7      | Reached skill level 4 in Poison Magic
  8472 | D:7      | Identified 4 scrolls of acquirement
  8479 | D:7      | Acquired 659 gold pieces
  8481 | D:7      | Acquired the amulet "Moirch" {RegenMP rF+ rN+ Dex+4}
  8483 | D:7      | Acquired the Volume of Destructive Clay
  8485 | D:7      | Acquired 1058 gold pieces
  8527 | D:7      | Bought the ring of the Raven {Wiz rPois Str-2 Int+6 SInv}
                  | for 753 gold pieces
  8535 | D:7      | Learned a level 5 spell: Freezing Cloud
  8588 | D:4      | Bought a scroll of acquirement for 520 gold pieces
  8588 | D:4      | Acquired a +1 pair of gloves of hurling
  9047 | D:8      | Noticed Gastronok
  9065 | D:8      | Killed Gastronok
  9066 | D:8      | Reached skill level 5 in Fighting
  9066 | D:8      | Reached skill level 5 in Short Blades
  9066 | D:8      | Reached skill level 5 in Long Blades
  9066 | D:8      | Reached skill level 5 in Axes
  9066 | D:8      | Reached skill level 5 in Maces & Flails
  9066 | D:8      | Reached skill level 5 in Polearms
  9066 | D:8      | Reached skill level 5 in Staves
  9066 | D:8      | Reached skill level 5 in Slings
  9066 | D:8      | Reached skill level 5 in Bows
  9066 | D:8      | Reached skill level 5 in Crossbows
  9066 | D:8      | Reached skill level 5 in Throwing
  9066 | D:8      | Reached skill level 5 in Armour
  9066 | D:8      | Reached skill level 7 in Dodging
  9066 | D:8      | Reached skill level 5 in Shields
  9066 | D:8      | Reached skill level 5 in Unarmed Combat
  9066 | D:8      | Reached skill level 5 in Evocations
  9244 | D:8      | Reached *** piety under Cheibriados
  9491 | D:8      | Noticed a skeletal warrior
  9756 | D:9      | Reached skill level 6 in Invocations
  9823 | D:9      | Reached skill level 7 in Stealth
 10343 | D:9      | Noticed a two-headed ogre
 10349 | D:9      | Killed a two-headed ogre
 10525 | D:9      | Noticed a two-headed ogre
 10529 | D:9      | Killed a two-headed ogre
 10530 | D:9      | Reached XP level 11. HP: 57/81 MP: 19/22
 10983 | D:9      | Reached skill level 6 in Fighting
 10983 | D:9      | Reached skill level 6 in Short Blades
 10983 | D:9      | Reached skill level 6 in Long Blades
 10983 | D:9      | Reached skill level 6 in Axes
 10983 | D:9      | Reached skill level 6 in Maces & Flails
 10983 | D:9      | Reached skill level 6 in Polearms
 10983 | D:9      | Reached skill level 6 in Staves
 10983 | D:9      | Reached skill level 6 in Slings
 10983 | D:9      | Reached skill level 6 in Bows
 10983 | D:9      | Reached skill level 6 in Crossbows
 10983 | D:9      | Reached skill level 6 in Throwing
 10983 | D:9      | Reached skill level 6 in Armour
 10983 | D:9      | Reached skill level 6 in Shields
 10983 | D:9      | Reached skill level 6 in Unarmed Combat
 10983 | D:9      | Reached skill level 6 in Evocations
 11058 | D:9      | Reached skill level 5 in Hexes
 11058 | D:9      | Reached skill level 5 in Summonings
 11058 | D:9      | Reached skill level 5 in Necromancy
 11058 | D:9      | Reached skill level 5 in Translocations
 11058 | D:9      | Reached skill level 5 in Transmutations
 11058 | D:9      | Reached skill level 5 in Fire Magic
 11058 | D:9      | Reached skill level 5 in Ice Magic
 11058 | D:9      | Reached skill level 5 in Air Magic
 11058 | D:9      | Reached skill level 5 in Earth Magic
 11058 | D:9      | Reached skill level 5 in Poison Magic
 11072 | D:9      | Identified +0 acid dragon scales
 11084 | D:9      | Noticed a two-headed ogre
 11094 | D:9      | Killed a two-headed ogre
 11095 | D:9      | Reached skill level 8 in Spellcasting
 11191 | D:9      | Reached **** piety under Cheibriados
 11247 | D:9      | Found a staircase to the Lair.
 11320 | D:10     | Entered Level 10 of the Dungeon
 11737 | D:10     | Noticed a boulder beetle
 11755 | D:10     | Killed a boulder beetle
 11756 | D:10     | Reached skill level 9 in Conjurations
 11756 | D:10     | Reached skill level 7 in Invocations
 11919 | D:10     | Reached skill level 8 in Dodging
 12022 | D:10     | Found an ancient bone altar of Kikubaaqudgha.
 12977 | D:11     | Noticed a boulder beetle
 13029 | D:10     | Killed a boulder beetle
 13339 | D:11     | Reached skill level 8 in Stealth
 13584 | D:11     | Found Kyudad's Antique Weapon Boutique.
 13629 | D:11     | Reached ***** piety under Cheibriados
 13629 | D:11     | Identified +0 acid dragon scales
 13699 | D:11     | Noticed a red ugly thing
 13704 | D:11     | Killed a red ugly thing
 13705 | D:11     | Reached XP level 12. HP: 79/89 MP: 17/24
 13787 | D:11     | Learned a level 6 spell: Starburst
 13859 | D:11     | Noticed a boulder beetle
 13865 | D:11     | Killed a boulder beetle
 13866 | D:11     | Reached skill level 7 in Fighting
 13866 | D:11     | Reached skill level 7 in Short Blades
 13866 | D:11     | Reached skill level 7 in Long Blades
 13866 | D:11     | Reached skill level 7 in Axes
 13866 | D:11     | Reached skill level 7 in Maces & Flails
 13866 | D:11     | Reached skill level 7 in Polearms
 13866 | D:11     | Reached skill level 7 in Staves
 13866 | D:11     | Reached skill level 7 in Slings
 13866 | D:11     | Reached skill level 7 in Bows
 13866 | D:11     | Reached skill level 7 in Crossbows
 13866 | D:11     | Reached skill level 7 in Throwing
 13866 | D:11     | Reached skill level 7 in Armour
 13866 | D:11     | Reached skill level 7 in Shields
 13866 | D:11     | Reached skill level 7 in Unarmed Combat
 13866 | D:11     | Reached skill level 7 in Evocations
 13956 | D:11     | Noticed a two-headed ogre
 13957 | D:11     | Noticed a boulder beetle
 13972 | D:11     | Killed a two-headed ogre
 13979 | D:11     | Killed a boulder beetle
 14070 | D:11     | Reached skill level 6 in Hexes
 14070 | D:11     | Reached skill level 6 in Summonings
 14070 | D:11     | Reached skill level 6 in Necromancy
 14070 | D:11     | Reached skill level 6 in Translocations
 14070 | D:11     | Reached skill level 6 in Transmutations
 14070 | D:11     | Reached skill level 6 in Fire Magic
 14070 | D:11     | Reached skill level 6 in Ice Magic
 14070 | D:11     | Reached skill level 6 in Air Magic
 14070 | D:11     | Reached skill level 6 in Earth Magic
 14070 | D:11     | Reached skill level 6 in Poison Magic
 14258 | D:11     | Found a staircase to the Orcish Mines.
 14500 | D:11     | Noticed a centaur warrior
 14508 | D:11     | Reached skill level 8 in Invocations
 14513 | D:11     | Killed a centaur warrior
 14514 | D:11     | Reached skill level 9 in Spellcasting
 14599 | D:11     | Acquired 1120 gold pieces
 14764 | Lair:1   | Entered Level 1 of the Lair of Beasts
 15110 | Lair:1   | Reached skill level 9 in Dodging
 15332 | Lair:1   | Reached skill level 9 in Stealth
 15332 | Lair:1   | Reached XP level 13. HP: 64/98 MP: 7/26
 15488 | Lair:1   | Learned a level 7 spell: Storm Form
 15515 | Lair:1   | Found the +8 whip "Snakebite" {venom, curare, rPois}
 15954 | Lair:1   | Reached skill level 8 in Fighting
 15954 | Lair:1   | Reached skill level 8 in Short Blades
 15954 | Lair:1   | Reached skill level 8 in Long Blades
 15954 | Lair:1   | Reached skill level 8 in Axes
 15954 | Lair:1   | Reached skill level 8 in Maces & Flails
 15954 | Lair:1   | Reached skill level 8 in Polearms
 15954 | Lair:1   | Reached skill level 8 in Staves
 15954 | Lair:1   | Reached skill level 8 in Slings
 15954 | Lair:1   | Reached skill level 8 in Bows
 15954 | Lair:1   | Reached skill level 8 in Crossbows
 15954 | Lair:1   | Reached skill level 8 in Throwing
 15954 | Lair:1   | Reached skill level 8 in Armour
 15954 | Lair:1   | Reached skill level 8 in Shields
 15954 | Lair:1   | Reached skill level 8 in Unarmed Combat
 15954 | Lair:1   | Reached skill level 8 in Evocations
 16330 | Lair:2   | Reached ****** piety under Cheibriados
 16719 | Lair:2   | Reached skill level 9 in Invocations
 16808 | Lair:2   | Reached skill level 10 in Conjurations
 16976 | Lair:2   | Found a staircase to the Snake Pit.
 17402 | Lair:3   | Noticed Sonja
 17409 | Lair:3   | Killed Sonja
 17469 | Lair:3   | Reached skill level 7 in Hexes
 17469 | Lair:3   | Reached skill level 7 in Summonings
 17469 | Lair:3   | Reached skill level 7 in Necromancy
 17469 | Lair:3   | Reached skill level 7 in Translocations
 17469 | Lair:3   | Reached skill level 7 in Transmutations
 17469 | Lair:3   | Reached skill level 7 in Fire Magic
 17469 | Lair:3   | Reached skill level 7 in Ice Magic
 17469 | Lair:3   | Reached skill level 7 in Air Magic
 17469 | Lair:3   | Reached skill level 7 in Earth Magic
 17469 | Lair:3   | Reached skill level 7 in Poison Magic
 17888 | Lair:3   | Reached skill level 10 in Spellcasting
 18038 | Lair:3   | Identified 3 potions of resistance
 18117 | Lair:3   | Found a staircase to the Swamp.
 19206 | Lair:4   | Reached skill level 10 in Dodging
 19289 | Lair:4   | Reached XP level 14. HP: 106/106 MP: 14/28
 19778 | Lair:5   | Reached skill level 9 in Fighting
 19778 | Lair:5   | Reached skill level 9 in Short Blades
 19778 | Lair:5   | Reached skill level 9 in Long Blades
 19778 | Lair:5   | Reached skill level 9 in Axes
 19778 | Lair:5   | Reached skill level 9 in Maces & Flails
 19778 | Lair:5   | Reached skill level 9 in Polearms
 19778 | Lair:5   | Reached skill level 9 in Staves
 19778 | Lair:5   | Reached skill level 9 in Slings
 19778 | Lair:5   | Reached skill level 9 in Bows
 19778 | Lair:5   | Reached skill level 9 in Crossbows
 19778 | Lair:5   | Reached skill level 9 in Throwing
 19778 | Lair:5   | Reached skill level 9 in Armour
 19778 | Lair:5   | Reached skill level 9 in Shields
 19778 | Lair:5   | Reached skill level 9 in Unarmed Combat
 19778 | Lair:5   | Reached skill level 9 in Evocations
 19781 | Lair:5   | Reached skill level 10 in Stealth
 20311 | Lair:5   | Reached skill level 10 in Invocations
 20754 | Lair:6   | Entered Level 6 of the Lair of Beasts
 21075 | Lair:6   | Reached skill level 8 in Hexes
 21075 | Lair:6   | Reached skill level 8 in Summonings
 21075 | Lair:6   | Reached skill level 8 in Necromancy
 21075 | Lair:6   | Reached skill level 8 in Translocations
 21075 | Lair:6   | Reached skill level 8 in Transmutations
 21075 | Lair:6   | Reached skill level 8 in Fire Magic
 21075 | Lair:6   | Reached skill level 8 in Ice Magic
 21075 | Lair:6   | Reached skill level 8 in Air Magic
 21075 | Lair:6   | Reached skill level 8 in Earth Magic
 21075 | Lair:6   | Reached skill level 8 in Poison Magic
 21495 | Lair:6   | Found a viscous altar of Jiyva.
 21495 | Lair:6   | Found a staircase to the Slime Pits.
 21511 | Lair:6   | Reached XP level 15. HP: 114/115 MP: 18/29
 21593 | Lair:6   | Reached skill level 11 in Spellcasting
 21826 | Lair:6   | Got the Incunabulum of the Spatial Frostbite
 21829 | Lair:6   | Identified the ring of Qamuku Doxka {Fire *Slow rN+++ Str+5
                  | Int+3 Dex-2}
 21834 | Lair:6   | Identified the +3 chain mail of Peva {-Tele rPois Int+3}
 22492 | Orc:1    | Entered Level 1 of the Orcish Mines
 22767 | Orc:1    | Noticed Urug
 22774 | Orc:1    | Killed Urug
 22990 | Orc:2    | Entered Level 2 of the Orcish Mines
 22996 | Orc:2    | Reached skill level 11 in Dodging
 22996 | Orc:2    | Reached skill level 11 in Conjurations
 22998 | Orc:2    | Noticed Snorg
 23005 | Orc:2    | Reached skill level 10 in Fighting
 23005 | Orc:2    | Reached skill level 10 in Short Blades
 23005 | Orc:2    | Reached skill level 10 in Long Blades
 23005 | Orc:2    | Reached skill level 10 in Axes
 23005 | Orc:2    | Reached skill level 10 in Maces & Flails
 23005 | Orc:2    | Reached skill level 10 in Polearms
 23005 | Orc:2    | Reached skill level 10 in Staves
 23005 | Orc:2    | Reached skill level 10 in Slings
 23005 | Orc:2    | Reached skill level 10 in Bows
 23005 | Orc:2    | Reached skill level 10 in Crossbows
 23005 | Orc:2    | Reached skill level 10 in Throwing
 23005 | Orc:2    | Reached skill level 10 in Armour
 23005 | Orc:2    | Reached skill level 10 in Shields
 23005 | Orc:2    | Reached skill level 10 in Unarmed Combat
 23005 | Orc:2    | Reached skill level 10 in Evocations
 23035 | Orc:2    | Killed Snorg
 23586 | Orc:2    | Reached skill level 11 in Invocations
 23620 | Orc:2    | Found Leok's Jewellery Emporium.
 23631 | Orc:2    | Reached skill level 11 in Stealth
 23641 | Orc:2    | Found Bimire's Antique Armour Shop.
 23642 | Orc:2    | Identified a +2 robe of the Archmagi
 24090 | Orc:2    | Found Bouth's Jewellery Emporium.
 24093 | Orc:2    | Found a staircase to the Elven Halls.
 24314 | Orc:2    | Found Jahet's Assorted Antiques.
 24315 | Orc:2    | Found Ufrurch's Jewellery Shop.
 24413 | Orc:1    | Noticed an orc warlord
 24586 | Orc:1    | Killed an orc warlord
 24814 | Orc:2    | Learned a level 6 spell: Summon Cactus Giant
 24815 | Orc:1    | Found Gall's Magic Scroll Emporium.
 24828 | Orc:1    | Bought a scroll of blinking for 82 gold pieces
 24828 | Orc:1    | Bought a scroll of teleportation for 33 gold pieces
 26372 | D:13     | Found Ozooz's Assorted Antiques.
 26390 | D:13     | Bought a potion of heal wounds for 180 gold pieces
 26395 | D:13     | Found Putt's Distillery.
 26401 | D:13     | Bought a potion of experience for 850 gold pieces
 26401 | D:13     | Reached skill level 9 in Hexes
 26401 | D:13     | Reached skill level 9 in Summonings
 26401 | D:13     | Reached skill level 9 in Necromancy
 26401 | D:13     | Reached skill level 9 in Translocations
 26401 | D:13     | Reached skill level 9 in Transmutations
 26401 | D:13     | Reached skill level 9 in Fire Magic
 26401 | D:13     | Reached skill level 9 in Ice Magic
 26401 | D:13     | Reached skill level 9 in Air Magic
 26401 | D:13     | Reached skill level 9 in Earth Magic
 26401 | D:13     | Reached skill level 9 in Poison Magic
 26401 | D:13     | Reached XP level 16. HP: 124/124 MP: 31/31
 26449 | D:13     | Found Haphu's Weapon Shop.
 26542 | D:13     | Identified +0 acid dragon scales
 26597 | D:13     | Reached XP level 17. HP: 129/129 MP: 26/32
 27149 | D:13     | Found Lodont's Antique Weapon Shop.
 27228 | D:13     | Found Tuum's General Store.
 27238 | D:13     | Bought a potion of heal wounds for 70 gold pieces
 27917 | D:14     | Reached skill level 12 in Spellcasting
 27954 | D:14     | Reached skill level 11 in Fighting
 27954 | D:14     | Reached skill level 11 in Short Blades
 27954 | D:14     | Reached skill level 11 in Long Blades
 27954 | D:14     | Reached skill level 11 in Axes
 27954 | D:14     | Reached skill level 11 in Maces & Flails
 27954 | D:14     | Reached skill level 11 in Polearms
 27954 | D:14     | Reached skill level 11 in Staves
 27954 | D:14     | Reached skill level 11 in Slings
 27954 | D:14     | Reached skill level 11 in Bows
 27954 | D:14     | Reached skill level 11 in Crossbows
 27954 | D:14     | Reached skill level 11 in Throwing
 27954 | D:14     | Reached skill level 11 in Armour
 27954 | D:14     | Reached skill level 11 in Shields
 27954 | D:14     | Reached skill level 11 in Unarmed Combat
 27954 | D:14     | Reached skill level 11 in Evocations
 28141 | D:14     | Reached skill level 12 in Invocations
 28206 | D:14     | Found a gate to the Vaults.
 28446 | D:15     | Entered Level 15 of the Dungeon
 28446 | D:15     | Noticed Kirke
 28451 | D:15     | Killed Kirke
 28452 | D:15     | Reached skill level 12 in Dodging
 28452 | D:15     | Paralysed by an ogre mage for 5 turns
 28776 | D:15     | Reached skill level 12 in Stealth
 29331 | D:15     | Noticed Josephine
 29341 | D:15     | Killed Josephine
 29541 | D:15     | Found a staircase to the Depths.
 30065 | Swamp:1  | Entered Level 1 of the Swamp
 30149 | Swamp:1  | Noticed Frances
 30168 | Lair:3   | Reached skill level 12 in Conjurations
 30270 | Swamp:1  | Killed Frances
 30313 | Swamp:1  | Paralysed by a fenstrider witch for 5 turns
 30328 | Lair:3   | HP: 13/131 [poison]
 30334 | Lair:3   | HP: 11/131 [poison]
 30800 | Swamp:1  | Identified +0 swamp dragon scales
 31406 | Swamp:2  | Reached XP level 18. HP: 120/138 MP: 21/34
 31469 | Swamp:2  | Noticed a tentacled monstrosity
 31476 | Swamp:2  | Killed a tentacled monstrosity
 31817 | Swamp:2  | Paralysed by a fenstrider witch for 5 turns
 32025 | Swamp:2  | Found an iron altar of Okawaru.
 32325 | Swamp:3  | Reached skill level 10 in Hexes
 32325 | Swamp:3  | Reached skill level 10 in Summonings
 32325 | Swamp:3  | Reached skill level 10 in Necromancy
 32325 | Swamp:3  | Reached skill level 10 in Translocations
 32325 | Swamp:3  | Reached skill level 10 in Transmutations
 32325 | Swamp:3  | Reached skill level 10 in Fire Magic
 32325 | Swamp:3  | Reached skill level 10 in Ice Magic
 32325 | Swamp:3  | Reached skill level 10 in Air Magic
 32325 | Swamp:3  | Reached skill level 10 in Earth Magic
 32325 | Swamp:3  | Reached skill level 10 in Poison Magic
 32436 | Swamp:3  | Identified +0 swamp dragon scales
 32969 | Swamp:4  | Entered Level 4 of the Swamp
 33304 | Swamp:4  | Identified +0 swamp dragon scales
 33305 | Swamp:4  | Reached skill level 13 in Invocations
 33460 | Swamp:4  | Reached skill level 12 in Fighting
 33460 | Swamp:4  | Reached skill level 12 in Short Blades
 33460 | Swamp:4  | Reached skill level 12 in Long Blades
 33460 | Swamp:4  | Reached skill level 12 in Axes
 33460 | Swamp:4  | Reached skill level 12 in Maces & Flails
 33460 | Swamp:4  | Reached skill level 12 in Polearms
 33460 | Swamp:4  | Reached skill level 12 in Staves
 33460 | Swamp:4  | Reached skill level 12 in Slings
 33460 | Swamp:4  | Reached skill level 12 in Bows
 33460 | Swamp:4  | Reached skill level 12 in Crossbows
 33460 | Swamp:4  | Reached skill level 12 in Throwing
 33460 | Swamp:4  | Reached skill level 12 in Armour
 33460 | Swamp:4  | Reached skill level 12 in Shields
 33460 | Swamp:4  | Reached skill level 12 in Unarmed Combat
 33460 | Swamp:4  | Reached skill level 12 in Evocations
 33654 | Swamp:4  | Reached skill level 13 in Spellcasting
 33668 | Swamp:4  | Identified +0 swamp dragon scales
 33675 | Swamp:4  | Identified +0 swamp dragon scales
 33736 | Swamp:4  | Identified +0 swamp dragon scales
 33737 | Swamp:4  | Noticed the 27-headed Lernaean hydra
 33742 | Swamp:4  | Killed the 27-headed Lernaean hydra
 33794 | Swamp:4  | Identified +0 swamp dragon scales
 33836 | Swamp:4  | Reached skill level 13 in Dodging
 33848 | Swamp:4  | Got a decaying rune of Zot
 34235 | Snake:1  | Entered Level 1 of the Snake Pit
 34285 | Snake:1  | Found Ceekh's Jewellery Emporium.
 34422 | Snake:1  | Found Yvuehips's Antique Weapon Emporium.
 34503 | Snake:1  | Reached skill level 13 in Stealth
 34930 | Snake:2  | Reached XP level 19. HP: 137/147 MP: 36/36
 35310 | Snake:2  | Learned a level 8 spell: Lehudib's Crystal Spear
 35396 | Snake:2  | Noticed Agnes
 35399 | Snake:2  | Killed Agnes
 36316 | Snake:3  | Found a large runed translucent door.
 36316 | Snake:3  | Found a large runed translucent door.
 36317 | Snake:3  | Noticed Qolaurat's ghost (adept NaIE)
 36326 | Snake:3  | Killed Qolaurat's ghost
 36430 | Snake:3  | Noticed Mara
 36435 | Snake:3  | Noticed sanka's illusion
 36436 | Snake:3  | Noticed Louise
 36812 | Snake:3  | Noticed sanka's illusion
 36812 | Snake:3  | Killed Mara
 37091 | Snake:3  | Cast into level 3 of the Abyss (Louise)
 37108 | Abyss:3  | Found a hazy altar of Hepliaklqana.
 37168 | Abyss:3  | Paralysed by accursed screaming for 1 turns
 37302 | Abyss:3  | Found a corrupted altar of Lugonu.
 37469 | Abyss:3  | Gained mutation: Armour fits poorly on your strangely
                  | shaped body. [a neqoxec]
 37709 | Snake:3  | Escaped the Abyss
 37716 | Snake:3  | Killed Louise
 38059 | Snake:3  | Noticed Saint Roka
 38079 | Snake:3  | Killed Saint Roka
 38080 | Snake:3  | Reached skill level 14 in Invocations
 38692 | Snake:3  | Reached skill level 11 in Hexes
 38692 | Snake:3  | Reached skill level 11 in Summonings
 38692 | Snake:3  | Reached skill level 11 in Necromancy
 38692 | Snake:3  | Reached skill level 11 in Translocations
 38692 | Snake:3  | Reached skill level 11 in Transmutations
 38692 | Snake:3  | Reached skill level 11 in Fire Magic
 38692 | Snake:3  | Reached skill level 11 in Ice Magic
 38692 | Snake:3  | Reached skill level 11 in Air Magic
 38692 | Snake:3  | Reached skill level 11 in Earth Magic
 38692 | Snake:3  | Reached skill level 11 in Poison Magic
 38870 | Snake:4  | Entered Level 4 of the Snake Pit
 38878 | Snake:4  | Reached skill level 13 in Conjurations
 38891 | Snake:4  | Reached skill level 13 in Fighting
 38891 | Snake:4  | Reached skill level 13 in Short Blades
 38891 | Snake:4  | Reached skill level 13 in Long Blades
 38891 | Snake:4  | Reached skill level 13 in Axes
 38891 | Snake:4  | Reached skill level 13 in Maces & Flails
 38891 | Snake:4  | Reached skill level 13 in Polearms
 38891 | Snake:4  | Reached skill level 13 in Staves
 38891 | Snake:4  | Reached skill level 13 in Slings
 38891 | Snake:4  | Reached skill level 13 in Bows
 38891 | Snake:4  | Reached skill level 13 in Crossbows
 38891 | Snake:4  | Reached skill level 13 in Throwing
 38891 | Snake:4  | Reached skill level 13 in Armour
 38891 | Snake:4  | Reached skill level 13 in Shields
 38891 | Snake:4  | Reached skill level 13 in Unarmed Combat
 38891 | Snake:4  | Reached skill level 13 in Evocations
 38947 | Snake:4  | Learned a level 2 spell: Blink
 39601 | Snake:4  | Reached skill level 14 in Spellcasting
 39684 | Snake:4  | Reached XP level 20. HP: 132/156 MP: 38/38
 39721 | Snake:4  | Reached skill level 14 in Dodging
 40097 | Snake:4  | Got a serpentine rune of Zot
 40416 | Snake:4  | Found Zor Zoemi's Magic Scroll Shoppe.
 40418 | Snake:4  | Found Yvuig's General Store.
 40481 | Snake:4  | Bought a scroll of acquirement for 728 gold pieces
 40481 | Snake:4  | Bought a scroll of acquirement for 728 gold pieces
 40486 | Snake:4  | Bought a book of Alchemy for 420 gold pieces
 40492 | Snake:4  | Learned a level 5 spell: Irradiate
 40492 | Snake:4  | Acquired 772 gold pieces
 40494 | Snake:4  | Acquired the +0 helmet of Bikhel {rF++}
 40502 | Snake:4  | Found Lis Miuq's Weapon Shop.
 40502 | Snake:4  | Found Zeidiagiurgh's Armour Emporium.
 41062 | Vaults:1 | Entered Level 1 of the Vaults
 41212 | Vaults:1 | Reached skill level 14 in Stealth
 41433 | Vaults:1 | Identified the +0 pair of boots "Rujas" {rPois SInv}
 41843 | Vaults:1 | Cast into level 3 of the Abyss (a wizard)
 41845 | Abyss:3  | Found a corrupted altar of Lugonu.
 41851 | Vaults:1 | Escaped the Abyss
 44251 | Vaults:2 | Reached skill level 15 in Invocations
 44299 | Vaults:2 | Reached XP level 21. HP: 63/164 MP: 39/39
 44666 | Vaults:2 | Reached skill level 14 in Fighting
 44666 | Vaults:2 | Reached skill level 14 in Short Blades
 44666 | Vaults:2 | Reached skill level 14 in Long Blades
 44666 | Vaults:2 | Reached skill level 14 in Axes
 44666 | Vaults:2 | Reached skill level 14 in Maces & Flails
 44666 | Vaults:2 | Reached skill level 14 in Polearms
 44666 | Vaults:2 | Reached skill level 14 in Staves
 44666 | Vaults:2 | Reached skill level 14 in Slings
 44666 | Vaults:2 | Reached skill level 14 in Bows
 44666 | Vaults:2 | Reached skill level 14 in Crossbows
 44666 | Vaults:2 | Reached skill level 14 in Throwing
 44666 | Vaults:2 | Reached skill level 14 in Armour
 44666 | Vaults:2 | Reached skill level 14 in Shields
 44666 | Vaults:2 | Reached skill level 14 in Unarmed Combat
 44666 | Vaults:2 | Reached skill level 14 in Evocations
 45032 | Vaults:2 | Learned a level 7 spell: Orb of Destruction
 45181 | Vaults:2 | Identified the +1 scale mail "Paygecw" {Drain rN+ rCorr
                  | Int+4}
 45280 | Vaults:2 | Found a staircase to the Crypt.
 45280 | Vaults:2 | Found a basalt altar of Yredelemnul.
 45281 | Vaults:2 | Found an ancient bone altar of Kikubaaqudgha.
 45852 | Vaults:3 | Reached skill level 12 in Hexes
 45852 | Vaults:3 | Reached skill level 12 in Summonings
 45852 | Vaults:3 | Reached skill level 12 in Necromancy
 45852 | Vaults:3 | Reached skill level 12 in Translocations
 45852 | Vaults:3 | Reached skill level 12 in Transmutations
 45852 | Vaults:3 | Reached skill level 12 in Fire Magic
 45852 | Vaults:3 | Reached skill level 12 in Ice Magic
 45852 | Vaults:3 | Reached skill level 12 in Air Magic
 45852 | Vaults:3 | Reached skill level 12 in Earth Magic
 45852 | Vaults:3 | Reached skill level 12 in Poison Magic
 46048 | Vaults:3 | Learned a level 8 spell: Ignition
 46172 | Vaults:3 | Reached skill level 15 in Spellcasting
 46876 | Vaults:3 | Identified the +6 scale mail "Adegenk" {rF+}
 46905 | Vaults:3 | Reached skill level 15 in Dodging
 46925 | Vaults:3 | Noticed Xtahua
 46927 | Vaults:3 | Paralysed by Xtahua for 5 turns
 46934 | Vaults:3 | Killed Xtahua
 46938 | Vaults:3 | Reached skill level 14 in Conjurations
 47107 | Vaults:3 | Reached skill level 15 in Stealth
 47482 | Vaults:3 | Noticed a golden dragon
 47486 | Vaults:3 | Killed a golden dragon
 47486 | Vaults:3 | Identified +0 gold dragon scales
 47555 | Vaults:3 | Noticed a dread lich
 47559 | Vaults:3 | Killed a dread lich
 47717 | Vaults:3 | Reached XP level 22. HP: 159/173 MP: 33/41
 48779 | Vaults:4 | Reached skill level 16 in Invocations
 48860 | Vaults:4 | Acquired the +2 shield of Resistance {rF++ rC++ Will++}
 48860 | Vaults:4 | Found the +2 shield of Resistance {rF++ rC++ Will++}
 49681 | Vaults:4 | Identified +0 fire dragon scales
 49681 | Vaults:4 | Noticed Margery
 49911 | Vaults:4 | Killed Margery
 50636 | Vaults:4 | Got Cigotuvi's Almanac of Mutagenic Dark Rites
 51057 | Depths:1 | Entered Level 1 of the Depths
 51057 | Depths:2 | Found a transporter.
 51057 | Depths:2 | Noticed Nikola
 51061 | Depths:2 | Reached skill level 15 in Fighting
 51061 | Depths:2 | Reached skill level 15 in Short Blades
 51061 | Depths:2 | Reached skill level 15 in Long Blades
 51061 | Depths:2 | Reached skill level 15 in Axes
 51061 | Depths:2 | Reached skill level 15 in Maces & Flails
 51061 | Depths:2 | Reached skill level 15 in Polearms
 51061 | Depths:2 | Reached skill level 15 in Staves
 51061 | Depths:2 | Reached skill level 15 in Slings
 51061 | Depths:2 | Reached skill level 15 in Bows
 51061 | Depths:2 | Reached skill level 15 in Crossbows
 51061 | Depths:2 | Reached skill level 15 in Throwing
 51061 | Depths:2 | Reached skill level 15 in Armour
 51061 | Depths:2 | Reached skill level 15 in Shields
 51061 | Depths:2 | Reached skill level 15 in Unarmed Combat
 51061 | Depths:2 | Reached skill level 15 in Evocations
 51064 | Depths:2 | Killed Nikola
 51819 | Depths:1 | Noticed Aizul
 51836 | Depths:1 | Killed Aizul
 52442 | Depths:1 | Reached XP level 23. HP: 181/181 MP: 19/42
 52649 | Depths:1 | Found an ancient bone altar of Kikubaaqudgha.
 52694 | Depths:1 | Found a gateway to Hell.
 52697 | Depths:1 | Reached skill level 16 in Spellcasting
 52701 | Depths:1 | Reached skill level 13 in Hexes
 52701 | Depths:1 | Reached skill level 13 in Summonings
 52701 | Depths:1 | Reached skill level 13 in Necromancy
 52701 | Depths:1 | Reached skill level 13 in Translocations
 52701 | Depths:1 | Reached skill level 13 in Transmutations
 52701 | Depths:1 | Reached skill level 13 in Fire Magic
 52701 | Depths:1 | Reached skill level 13 in Ice Magic
 52701 | Depths:1 | Reached skill level 13 in Air Magic
 52701 | Depths:1 | Reached skill level 13 in Earth Magic
 52701 | Depths:1 | Reached skill level 13 in Poison Magic
 53321 | Depths:2 | Found a one-way gate leading to the halls of Pandemonium.
 53487 | Depths:2 | Found a one-way gateway to a ziggurat.
 53499 | Depths:2 | Noticed the Enchantress
 53512 | Depths:2 | Killed the Enchantress
 53513 | Depths:2 | Reached skill level 16 in Dodging
 53686 | Depths:2 | Paralysed by a great orb of eyes for 5 turns
 54016 | Depths:2 | Identified +0 ice dragon scales
 54060 | Depths:2 | Found a transporter.
 54067 | Depths:2 | Noticed Qipyogro's ghost (adept MfGl)
 54079 | Depths:2 | Noticed a caustic shrike
 54079 | Depths:2 | Noticed a caustic shrike
 54589 | Depths:2 | Reached skill level 16 in Stealth
 54629 | Depths:2 | Identified the ring of Etaafrus {rPois Int+4}
 54636 | Depths:2 | Identified the +8 flail "Serag" {holy, rPois rC++ MP+9
                  | Dex-4}
 54810 | Depths:2 | Killed a caustic shrike
 54812 | Depths:2 | Identified +0 shadow dragon scales
 54816 | Depths:2 | Killed a caustic shrike
 54817 | Depths:2 | Killed Qipyogro's ghost
 54818 | Depths:2 | Identified +0 fire dragon scales
 54991 | Depths:2 | Identified the -1 pair of gloves of Soitzo {+Inv}
 55281 | D:8      | Noticed Harold
 55284 | D:8      | Killed Harold
 55343 | D:8      | Noticed Joseph
 55354 | D:8      | Killed Joseph
 56143 | Depths:3 | Reached skill level 17 in Invocations
 56248 | Depths:3 | Identified the +5 falchion of Inyupn {chaos, Str+2 Int+3}
 56278 | Depths:3 | Reached skill level 15 in Conjurations
 56444 | Depths:3 | Identified +0 fire dragon scales
 56599 | Depths:3 | Found a one-way gate to the infinite horrors of the Abyss.
 56771 | Depths:3 | Identified +0 shadow dragon scales
 57224 | Depths:3 | Reached XP level 24. HP: 191/191 MP: 36/43
 57299 | Depths:3 | Identified quicksilver dragon scales
 57410 | Depths:3 | Noticed a juggernaut
 57414 | Depths:3 | Killed a juggernaut
 57566 | Depths:3 | Reached skill level 16 in Fighting
 57566 | Depths:3 | Reached skill level 16 in Short Blades
 57566 | Depths:3 | Reached skill level 16 in Long Blades
 57566 | Depths:3 | Reached skill level 16 in Axes
 57566 | Depths:3 | Reached skill level 16 in Maces & Flails
 57566 | Depths:3 | Reached skill level 16 in Polearms
 57566 | Depths:3 | Reached skill level 16 in Staves
 57566 | Depths:3 | Reached skill level 16 in Slings
 57566 | Depths:3 | Reached skill level 16 in Bows
 57566 | Depths:3 | Reached skill level 16 in Crossbows
 57566 | Depths:3 | Reached skill level 16 in Throwing
 57566 | Depths:3 | Reached skill level 16 in Armour
 57566 | Depths:3 | Reached skill level 16 in Shields
 57566 | Depths:3 | Reached skill level 16 in Unarmed Combat
 57566 | Depths:3 | Reached skill level 16 in Evocations
 57810 | Depths:3 | Found Vubirecs's Antique Weapon Emporium.
 57915 | Depths:3 | Found an ornate altar of the Wu Jian Council.
 58018 | Depths:3 | Learned a level 7 spell: Spellforged Servitor
 58028 | Depths:4 | Entered Level 4 of the Depths
 58307 | Depths:4 | Identified the +5 scimitar of Domination {protect, rPois
                  | Str+3}
 58469 | Depths:4 | Found a gate to the Realm of Zot.
 58492 | Depths:4 | HP: 18/191 [vampire knight (10)]
 59619 | Depths:4 | Reached skill level 17 in Spellcasting
 60125 | Depths:4 | Found a stormy altar of Qazlal.
 60467 | Vaults:4 | Reached skill level 17 in Dodging
 60467 | Vaults:4 | Reached skill level 14 in Hexes
 60467 | Vaults:4 | Reached skill level 14 in Summonings
 60467 | Vaults:4 | Reached skill level 14 in Necromancy
 60467 | Vaults:4 | Reached skill level 14 in Translocations
 60467 | Vaults:4 | Reached skill level 14 in Transmutations
 60467 | Vaults:4 | Reached skill level 14 in Fire Magic
 60467 | Vaults:4 | Reached skill level 14 in Ice Magic
 60467 | Vaults:4 | Reached skill level 14 in Air Magic
 60467 | Vaults:4 | Reached skill level 14 in Earth Magic
 60467 | Vaults:4 | Reached skill level 14 in Poison Magic
 60467 | Vaults:4 | Reached XP level 25. HP: 199/199 MP: 44/44
 60469 | Vaults:5 | Entered Level 5 of the Vaults
 60567 | Vaults:4 | Reached skill level 17 in Stealth
 60962 | Vaults:5 | Reached skill level 18 in Invocations
 60964 | Vaults:5 | Reached XP level 26. HP: 127/206 MP: 31/44
 61154 | Vaults:5 | Identified the +7 morningstar of the Grey Skies {vorpal,
                  | rElec Stlth+}
 61470 | Vaults:4 | Identified +0 shadow dragon scales
 61818 | Vaults:4 | Identified +0 shadow dragon scales
 62736 | Vaults:5 | Identified the +2 cloak "Nuyz" {Regen+ Str+4}
 63269 | Vaults:5 | Got a silver rune of Zot
 63535 | Vaults:5 | Identified the +5 great sword of Zag Bosm {drain, rN+ Str+6
                  | SInv}
 64052 | Snake:4  | Bought a scroll of enchant weapon for 105 gold pieces
 65252 | D:7      | Bought a +6 ring of slaying for 2013 gold pieces
 65252 | D:7      | Bought the ring of Cepotu {rElec rN+ Dex+6 Slay+3} for 828
                  | gold pieces
 65571 | Zot:1    | Entered Level 1 of the Realm of Zot
 66272 | Zot:1    | Found Kymaj's Changing Room.
 66341 | Zot:1    | Reached skill level 17 in Fighting
 66341 | Zot:1    | Reached skill level 17 in Short Blades
 66341 | Zot:1    | Reached skill level 17 in Long Blades
 66341 | Zot:1    | Reached skill level 17 in Axes
 66341 | Zot:1    | Reached skill level 17 in Maces & Flails
 66341 | Zot:1    | Reached skill level 17 in Polearms
 66341 | Zot:1    | Reached skill level 17 in Staves
 66341 | Zot:1    | Reached skill level 17 in Slings
 66341 | Zot:1    | Reached skill level 17 in Bows
 66341 | Zot:1    | Reached skill level 17 in Crossbows
 66341 | Zot:1    | Reached skill level 17 in Throwing
 66341 | Zot:1    | Reached skill level 17 in Armour
 66341 | Zot:1    | Reached skill level 17 in Shields
 66341 | Zot:1    | Reached skill level 17 in Unarmed Combat
 66341 | Zot:1    | Reached skill level 17 in Evocations
 66649 | Zot:1    | Reached skill level 16 in Conjurations
 66842 | Zot:1    | Identified +0 fire dragon scales
 66851 | Zot:1    | Identified +0 gold dragon scales
 66857 | Zot:1    | Identified +0 shadow dragon scales
 66868 | Zot:1    | Identified +0 gold dragon scales
 67052 | Zot:1    | Noticed an orb of fire
 67142 | Zot:1    | Killed an orb of fire
 67407 | Zot:2    | Identified +0 storm dragon scales
 67468 | Zot:2    | Identified quicksilver dragon scales
 67635 | Zot:2    | Identified quicksilver dragon scales
 67822 | Zot:2    | Identified +0 storm dragon scales
 67907 | Zot:2    | Identified +0 shadow dragon scales
 68216 | Zot:2    | Noticed an orb of fire
 68221 | Zot:2    | Noticed an orb of fire
 68221 | Zot:2    | Gained mutation: You sometimes lose the ability to read
                  | scrolls when taking damage. [an orb of fire]
 68221 | Zot:2    | Gained mutation: You are frail. (-10% HP) [an orb of fire]
 68225 | Zot:2    | Killed an orb of fire
 68226 | Zot:2    | Killed an orb of fire
 68236 | Zot:2    | Reached XP level 27. HP: 131/193 MP: 13/44
 68253 | Zot:2    | Reached skill level 18 in Spellcasting
 68425 | Zot:2    | Lost mutation: Armour fits poorly on your strangely shaped
                  | body. [potion of mutation]
 68425 | Zot:2    | Lost mutation: You sometimes lose the ability to read
                  | scrolls when taking damage. [potion of mutation]
 68425 | Zot:2    | Lost mutation: You are frail. (-10% HP) [potion of
                  | mutation]
 68425 | Zot:2    | Gained mutation: You are weak. (Str -2) [potion of
                  | mutation]
 68425 | Zot:2    | Gained mutation: You are frail. (-10% HP) [potion of
                  | mutation]
 68426 | Zot:2    | Lost mutation: You are weak. (Str -2) [potion of mutation]
 68426 | Zot:2    | Lost mutation: You are frail. (-10% HP) [potion of
                  | mutation]
 68426 | Zot:2    | Gained mutation: You do not regenerate when monsters are
                  | visible. [potion of mutation]
 68426 | Zot:2    | Gained mutation: You have large cloven feet. [potion of
                  | mutation]
 68426 | Zot:2    | Gained mutation: You passively map a small area around you.
                  | [potion of mutation]
 68651 | Zot:2    | Noticed a dread lich
 68652 | Zot:2    | Noticed a dread lich
 68654 | Zot:2    | Killed a dread lich
 68655 | Zot:2    | Noticed a dread lich
 68657 | Zot:2    | Noticed a dread lich
 68662 | Zot:2    | Noticed a dread lich
 68666 | Zot:2    | Noticed a dread lich
 68667 | Zot:2    | Killed a dread lich
 68667 | Zot:2    | Killed a dread lich
 68668 | Zot:2    | Reached skill level 18 in Dodging
 68668 | Zot:2    | Killed a dread lich
 68668 | Zot:2    | Killed a dread lich
 68679 | Zot:2    | Killed a dread lich
 68680 | Zot:2    | Reached skill level 18 in Stealth
 68680 | Zot:2    | Reached skill level 19 in Invocations
 68690 | Zot:2    | Identified quicksilver dragon scales
 68812 | Zot:2    | Lost mutation: You do not regenerate when monsters are
                  | visible. [potion of mutation]
 68812 | Zot:2    | Lost mutation: You have large cloven feet. [potion of
                  | mutation]
 68812 | Zot:2    | Lost mutation: You passively map a small area around you.
                  | [potion of mutation]
 68812 | Zot:2    | Gained mutation: You are dopey. (Int -2) [potion of
                  | mutation]
 68812 | Zot:2    | Gained mutation: You expend magic power (3 MP) to
                  | strengthen your wands. [potion of mutation]
 68812 | Zot:2    | Gained mutation: You are strong-willed. (Will+) [potion of
                  | mutation]
 68920 | Zot:2    | Reached skill level 15 in Hexes
 68920 | Zot:2    | Reached skill level 15 in Summonings
 68920 | Zot:2    | Reached skill level 15 in Necromancy
 68920 | Zot:2    | Reached skill level 15 in Translocations
 68920 | Zot:2    | Reached skill level 15 in Transmutations
 68920 | Zot:2    | Reached skill level 15 in Fire Magic
 68920 | Zot:2    | Reached skill level 15 in Ice Magic
 68920 | Zot:2    | Reached skill level 15 in Air Magic
 68920 | Zot:2    | Reached skill level 15 in Earth Magic
 68920 | Zot:2    | Reached skill level 15 in Poison Magic
 69324 | Zot:3    | Identified quicksilver dragon scales
 69408 | Zot:3    | Identified +0 storm dragon scales
 69606 | Zot:3    | Identified +0 gold dragon scales
 71296 | Zot:5    | Entered Level 5 of the Realm of Zot
 71503 | Zot:5    | Identified quicksilver dragon scales
 71941 | Zot:5    | Noticed an orb of fire
 71945 | Zot:5    | Reached skill level 18 in Fighting
 71945 | Zot:5    | Reached skill level 18 in Short Blades
 71945 | Zot:5    | Reached skill level 18 in Long Blades
 71945 | Zot:5    | Reached skill level 18 in Axes
 71945 | Zot:5    | Reached skill level 18 in Maces & Flails
 71945 | Zot:5    | Reached skill level 18 in Polearms
 71945 | Zot:5    | Reached skill level 18 in Staves
 71945 | Zot:5    | Reached skill level 18 in Slings
 71945 | Zot:5    | Reached skill level 18 in Bows
 71945 | Zot:5    | Reached skill level 18 in Crossbows
 71945 | Zot:5    | Reached skill level 18 in Throwing
 71945 | Zot:5    | Reached skill level 18 in Armour
 71945 | Zot:5    | Reached skill level 18 in Shields
 71945 | Zot:5    | Reached skill level 18 in Unarmed Combat
 71945 | Zot:5    | Reached skill level 18 in Evocations
 71947 | Zot:5    | Gained mutation: You occasionally shout uncontrollably at
                  | your foes. [an orb of fire]
 71948 | Zot:5    | Killed an orb of fire
 71956 | Zot:5    | Noticed an orb of fire
 71963 | Zot:5    | Gained mutation: You are frail. (-10% HP) [an orb of fire]
 71967 | Zot:5    | HP: 19/195 [orb of fire/bolt of fire (5)]
 71968 | Zot:5    | Demolished by an Orb Guardian

Vanquished Creatures
  7 dread liches
  4 orbs of fire
  Mara (Snake:3)
  A juggernaut (Depths:3)
  Margery (Vaults:4)
  Saint Roka (Snake:3)
  A curse toe (Zot:2)
  the Lernaean hydra (Swamp:4)
  Xtahua (Vaults:3)
  2 caustic shrikes (Depths:2)
  the Enchantress (Depths:2)
  9 golden dragons
  A bone dragon (Depths:4)
  Nikola (Depths:2)
  2 electric golems
  The ghost of Qolaurat the Gelid, an adept NaIE of Cheibriados (Snake:3)
  A walking crystal tome (Depths:3)
  2 hellephants (Depths:1)
  20 tentacled monstrosities
  A lich (Vaults:3)
  10 Orb Guardians (Zot:5)
  A walking divine tome (Depths:4)
  3 titans
  Gastronok (D:8)
  The ghost of Qipyogro the Phalangite, an adept MfGl of Kikubaaqudgha (Depths:2)
  11 quicksilver dragons
  10 sphinxes
  A thorn hunter (Swamp:2)
  8 death cobs
  5 tengu reavers
  Kirke (D:15)
  9 storm dragons
  11 shadow dragons
  Frances (Swamp:1)
  Agnes (Snake:2)
  5 nagarajas
  3 fenstrider witches
  4 draconian monks
  5 draconian knights
  Louise (Snake:3)
  7 fire giants
  3 frost giants
  3 draconian scorchers
  Aizul (Depths:1)
  24 vault wardens
  A ghost moth (Zot:2)
  3 orc warlords
  6 draconian shifters
  4 draconian annihilators
  24 ironbound preservers
  38 very ugly things
  A draconian stormcaller (Zot:5)
  3 war gargoyles
  A reaper (Depths:4)
  6 spriggan defenders
  7 green draconians
  8 ironbound thunderhulks
  18 stone giants
  5 vampire knights
  2 entropy weavers
  A lorocyproca (Depths:2)
  4 bunyips
  6 black draconians
  13 spark wasps
  A bunyip (shapeshifter) (Vaults:5)
  15 dire elephants
  4 eleionomae
  8 white draconians
  11 yellow draconians
  4 purple draconians
  Snorg (Orc:2)
  2 deep elf death magi (Vaults:4)
  9 red draconians
  A blizzard demon (Abyss:3)
  8 fire dragons
  A green death (Abyss:3)
  Josephine (D:15)
  3 shambling mangroves
  14 ettins
  A spriggan zombie (Depths:1)
  12 yaktaur captains
  Harold (D:8)
  A salamander tyrant (Snake:4)
  10 great orbs of eyes
  2 merfolk javelineers (Depths:2)
  8 boulder beetles
  A rakshasa (Depths:1)
  8 ice dragons
  19 naga warriors
  30 vault guards
  9 anacondas
  18 hydras
  4 catoblepae
  7 ironbound frosthearts
  2 ogre magi (D:15)
  4 centaur warriors
  4 spriggan air magi
  2 death knights (D:12)
  14 two-headed ogres
  13 deep troll shamans
  5 alligators
  A vampire mage (Depths:3)
  3 death yaks (Lair:5)
  4 tengu warriors
  6 deep troll earth magi
  9 hell hogs (Depths:1)
  11 hell knights
  15 shock serpents
  3 thrashing horrors (Abyss:3)
  Urug (Orc:1)
  8 naga sharpshooters
  3 orc high priests (Orc:2)
  7 spriggan berserkers
  Sonja (Lair:3)
  A deep elf knight (D:14)
  A wretched star (Abyss:3)
  5 iron trolls
  2 skeletal warriors
  A titan skeleton (Depths:2)
  12 salamander mystics
  A sixfirhy (Depths:4)
  7 goliath frogs
  3 spriggan druids
  70 deep trolls
  11 wizards
  7 glowing orange brains
  6 naga ritualists
  6 flayed ghosts
  17 swamp dragons
  3 sphinx zombies
  3 bog bodies
  A golden dragon skeleton (Depths:2)
  12 lindwurms
  4 phantasmal warriors
  8 orc knights
  5 harpies (Vaults:3)
  8 mana vipers
  Pikel (D:5)
  23 ironbound convokers
  8 deep elf pyromancers
  9 necromancers
  10 orc sorcerers
  A shining eye (shapeshifter) (Vaults:5)
  7 cyclopes
  A wolf spider (D:15)
  51 ugly things
  A tengu skeleton (Depths:2)
  A stone giant zombie (Depths:1)
  A cyclops (shapeshifter) (D:15)
  A manticore (shapeshifter) (Depths:3)
  An elf zombie (Vaults:1)
  27 elephants
  21 salamanders
  49 black mambas
  30 moths of wrath
  A guardian serpent (shapeshifter) (Abyss:3)
  5 manticores
  Joseph (D:8)
  8 apocalypse crabs (Depths:2)
  A torpor snail (shapeshifter) (Depths:3)
  10 guardian serpents
  19 cane toads
  19 naga magi
  22 vault sentinels
  A water nymph (shapeshifter) (Vaults:3)
  2 smoke demons
  A cane toad (shapeshifter) (Vaults:3)
  3 rime drakes
  An unseen horror (D:13)
  52 yaktaurs
  2 human zombies (Vaults:4)
  2 tengu conjurers
  10 komodo dragons
  3 ancient zymes (Abyss:3)
  5 freezing wraiths
  6 meliai
  6 trolls
  2 yaktaur skeletons
  A red devil (Abyss:3)
  A bloated husk (Swamp:3)
  3 polar bears
  Grinder (D:5)
  A raiju (Abyss:3)
  8 tyrant leeches
  A hydra skeleton (Abyss:3)
  43 slime creatures
  2 stone giant simulacra
  4 dream sheep (Lair:2)
  5 hornets
  32 blink frogs
  9 water elementals
  4 shadows
  5 wyverns
  Sigmund (D:2)
  A culicivora (Vaults:2)
  An ettin skeleton (Vaults:4)
  28 yaks
  5 spriggans
  5 hogs (D:15)
  4 fire bats (Depths:3)
  10 wraiths
  8 large abominations (Abyss:3)
  A human (D:15)
  4 basilisks
  A human (shapeshifter) (D:15)
  5 chaos spawn
  4 neqoxecs
  2 redbacks (Vaults:2)
  18 vampire mosquitoes
  A tengu zombie (Depths:1)
  A yaktaur simulacrum (Vaults:4)
  42 nagas
  9 wargs
  18 swamp worms
  A floating eye (Zot:2)
  5 acid dragons
  28 water moccasins
  11 swamp drakes
  42 orc warriors
  An ice beast (D:6)
  3 black bears
  A necrophage (D:6)
  An ettin simulacrum (Vaults:1)
  2 sky beasts
  14 ogres
  A tengu (shapeshifter) (Vaults:5)
  A boggart (D:14)
  14 starcursed masses (Abyss:3)
  31 wolves
  2 human skeletons
  3 phantoms
  9 centaurs
  14 bullfrogs
  5 kobold brigands
  A wyvern zombie (D:7)
  A scorpion (D:6)
  2 earth elementals (Abyss:3)
  A water moccasin zombie (D:7)
  5 killer bees (D:11)
  11 wights
  2 electric eels
  4 howler monkeys
  2 bullfrog zombies (D:5)
  7 centaur zombies
  A quasit (Abyss:3)
  A bullfrog skeleton (D:6)
  35 orc priests
  2 centaur skeletons
  3 hounds
  A jelly (D:8)
  3 small abominations (Abyss:3)
  2 gnoll shamans
  Jessica (D:2)
  Ijyb (D:5)
  Terence (D:2)
  2 iguanas
  39 orc wizards
  7 hell rats (Lair:3)
  3 killer bee zombies (D:8)
  2 hound zombies (D:5)
  2 howler monkey zombies
  11 adders
  9 gnolls
  4 shadow imps
  2 white imps (Abyss:3)
  An ufetubus (D:6)
  3 dart slugs
  69 orcs
  4 ball pythons
  9 bats
  9 endoplasms
  7 giant cockroaches
  8 goblins
  9 hobgoblins
  3 jackals
  2 quokkas (D:3)
  4 frilled lizards
  10 kobolds
  A quokka skeleton (D:4)
  3 rats (D:1)
  3 briar patches (Swamp:2)
  A plant (Snake:2)
2081 creatures vanquished.

Vanquished Creatures (collateral kills)
  A fire giant (Depths:4)
  A fire dragon (Depths:4)
  A naga warrior (Snake:4)
  A mana viper (Snake:4)
  A naga mage (Snake:4)
  2 nagas (Snake:4)
7 creatures vanquished.

Vanquished Creatures (others)
  A red draconian (Zot:3)
  A yaktaur captain (Vaults:2)
  An ironbound convoker (Vaults:2)
  A wizard (Vaults:2)
  A hornet (Swamp:4)
  A human (D:15)
  A hell hound (Abyss:3)
  An orc warrior (Vaults:5)
  An orc wizard (D:9)
  An ufetubus (Abyss:3)
  An orc (Orc:1)
  2 briar patches (Swamp:2)
  A fulminant prism (Lair:3)
  32 fungi
  227 plants
273 creatures vanquished.

Grand Total: 2361 creatures vanquished
